 Dungeon Crawl Stone Soup version 0.20-a0-854-g0cc194a (webtiles) character file.

517 Alarkh the Insei (level 7, 52/52 HPs)
             Began as a Demonspawn Transmuter on Mar 11, 2017.
             Quit the game on level 3 of the Dungeon.
             The game lasted 00:03:44 (4447 turns).

Alarkh the Insei (Demonspawn Transmuter)            Turns: 4447, Time: 00:03:45

Health: 52/52      AC:  6    Str: 10    XL:     7   Next: 0%
Magic:  10/10      EV: 13    Int: 16    God:
Gold:   97         SH:  0    Dex: 14    Spells: 7/10 levels left

rFire    . . .     SeeInvis .     - Unarmed
rCold    . . .     Gourm    .   h - +0 leather armour (curse)
rNeg     . . .     Faith    .   (no shield)
rPois    .         Spirit   .   (no helmet)
rElec    .         Reflect  .   (no cloak)
rCorr    .         Harm     .   (no gloves)
MR       .....                  (no boots)
Stlth    +.........             (no amulet)
Regen    0.2/turn               (no ring)
MPRegen  0.2/turn               f - +3 ring of protection

@: no status effects
A: hooves 1, demonic guardian 1, sturdy frame 1
a: no special abilities


You were on level 3 of the Dungeon.
You were hungry.

You visited 1 branch of the dungeon, and saw 3 of its levels.

You collected 97 gold pieces.

Inventory:

Missiles
 a - 98 arrows
Armour
 b - a +0 robe
 h - a cursed +0 leather armour (worn)
Jewellery
 f - a +3 ring of protection (left hand)
Scrolls
 e - a scroll of identify {unknown}
 i - 2 scrolls of teleportation {unknown}
 j - 3 scrolls of amnesia {unknown}
 k - a scroll of enchant weapon {unknown}
 l - 3 scrolls of remove curse {unknown}
 m - a scroll of magic mapping {unknown}
 o - a scroll of immolation {unknown}
 p - a scroll of recharging {unknown}
Potions
 g - 2 potions of brilliance
 r - a potion of curing {unknown}
Books
 c - a book of Changes

   Spells                             Type                      Level
   a - Beastly Appendage              Transmutation                1
   b - Sticks to Snakes               Transmutation                2
   c - Spider Form                    Transmutation/Poison         3
   d - Ice Form                       Ice/Transmutation            4
   e - Blade Hands                    Transmutation                5
Comestibles
 d - 2 bread rations
 n - 2 meat rations
 q - 2 royal jellies


   Skills:
 + Level 3.5 Fighting
 + Level 3.8 Dodging
 * Level 5.4 Unarmed Combat
 - Level 2.0 Spellcasting
 - Level 1.7 Transmutations


You had 7 spell levels left.
You knew the following spells:

 Your Spells              Type           Power        Failure   Level  Hunger
a - Beastly Appendage     Tmut           #.....       12%         1    #......
b - Sticks to Snakes      Tmut           #.......     17%         2    ###....


Dungeon Overview and Level Annotations

Branches:
Dungeon (3/15)

Altars:


Innate Abilities, Weirdness & Mutations

You have large cloven feet.
A weak demonic guardian rushes to your aid.
Your movements are slightly less encumbered by armour. (ER -2)


Message History

You hit the worker ant.
You kill the worker ant!
You have reached level 7!
Your demonic ancestry asserts itself...
Your feet thicken and deform.
Your horns disappear.
Magic restored.
Key pressed, stopping explore.
HP restored.
n - 2 meat rations (gained 1)
q - 2 royal jellies (gained 1)
o - a scroll labeled FOCROC JUANOI
r - a fuming sapphire potion
a - 98 arrows (gained 23)
You see here a stone.
You see here a stone.
Items here: ( )) [[ ÷÷
Things that are here:
a scale mail; an orc skeleton Are you sure you want to abandon this character and quit the game? (Confirm with "yes".)

.............#.#.#
.............#.#.####..
..>.........##.#......#.
...........###....##....
.........### #..........
......##...###........#
......####(.((..(.#...##
......##....###.÷.......
......##....###(@.?.....
........................
..(..........(###.######
......##....#.....#
..#.###....####...#
....#......# .....#
.#..#.##... ###.# ......
#### # .....


There were no monsters in sight!

Vanquished Creatures
  Grinder (D:3)
  An orc priest (D:2)
  An orc wizard (D:3)
  A worker ant (D:3)
  Natasha (thrice) (D:2)
  An adder (D:2)
  2 worms
  A dart slug (D:1)
  A leopard gecko (D:2)
  6 orcs
  A giant cockroach (D:2)
  7 goblins
  11 hobgoblins
  5 kobolds
  3 quokkas (D:2)
  2 ball pythons (D:1)
  4 bats
  6 frilled lizards
  6 rats
63 creatures vanquished.

Vanquished Creatures (collateral kills)
  Sigmund (D:3)
  2 bats (D:3)
  A rat (D:3)
4 creatures vanquished.

Grand Total: 67 creatures vanquished

Notes
Turn   | Place    | Note
-------+----------+-------------------------------------------
     0 | D:1      | Alarkh the Demonspawn Transmuter began the quest for the Orb.
     0 | D:1      | Reached XP level 1. HP: 15/15 MP: 3/3
   125 | D:1      | Reached skill level 3 in Unarmed Combat
   125 | D:1      | Gained mutation: Your movements are slightly less encumbered by armour. (ER -2) [demonic ancestry]
   125 | D:1      | Reached XP level 2. HP: 17/21 MP: 3/5
  1209 | D:1      | Learned a level 2 spell: Sticks to Snakes
  1254 | D:2      | Reached XP level 3. HP: 24/26 MP: 4/6
  1408 | D:2      | Noticed Natasha
  1421 | D:2      | Killed Natasha
  1638 | D:2      | HP: 1/40 [kobold/whip of electrocution (9)]
  1975 | D:2      | Found a faded altar of an unknown god.
  2096 | D:2      | Reached XP level 4. HP: 3/33 MP: 5/7
  2504 | D:2      | Noticed Natasha
  2516 | D:2      | Killed Natasha
  2812 | D:2      | Noticed Natasha
  3099 | D:2      | Killed Natasha
  3099 | D:2      | Reached skill level 4 in Unarmed Combat
  3099 | D:2      | Gained mutation: A weak demonic guardian rushes to your aid. [demonic ancestry]
  3099 | D:2      | Reached XP level 5. HP: 13/39 MP: 8/8
  3944 | D:3      | Noticed Sigmund
  3955 | D:3      | Killed Sigmund
  3955 | D:3      | Reached XP level 6. HP: 46/47 MP: 9/9
  3965 | D:3      | Noticed Grinder
  3984 | D:3      | Paralysed by Grinder for 7 turns
  3999 | D:3      | Killed Grinder
  3999 | D:3      | Reached skill level 5 in Unarmed Combat
  4340 | D:3      | Gained mutation: You have large cloven feet. [demonic ancestry]
  4340 | D:3      | Reached XP level 7. HP: 40/52 MP: 8/10
  4447 | D:3      | Quit the game

Vault maps used:
D:1:      evilmike_arrival_plus
D:2:      chequers_ecumenical_altar_simple_redux, uniq_natasha
D:3:      uniq_grinder, uniq_sigmund, uniq_terence

Skill      XL: |  1  2  3  4  5  6 |
---------------+-------------------+-----
Dodging        | 2 3 |  3.8
Unarmed Combat | 3 4 5 |  5.4
Fighting       | 2 3 |  3.5
Spellcasting   | |  2.0
Transmutations | |  1.7

Action                   |  1- 3 |  4- 6 |  7- 9 || total
-------------------------+-------+-------+-------++-------
Melee: Unarmed           |   129 |   152 |       ||   281
       Kick              |     4 |     4 |       ||     8
       Headbutt          |     1 |     9 |       ||    10
       Punch             |     2 |     2 |       ||     4
 Cast: Beastly Appendage |     9 |    17 |       ||    26
  Use: Potion            |     5 |       |       ||     5
 Stab: Sleeping          |     1 |     1 |       ||     2
  Eat: Chunk             |     4 |     7 |       ||    11
Armor: Robe              |     7 |       |       ||     7
       Leather armour    |    20 |    36 |       ||    56
       Skin              |     7 |       |       ||     7
Dodge: Dodged            |    60 |   102 |       ||   162
